 Dungeon Crawl Stone Soup version 0.26.0-16-gc1dbca0489 (webtiles) character file.

Game seed: 11150987838622405850

1319 kaeus the Skirmisher (level 8, -3/64 HPs)
             Began as a Demonspawn Fighter on Jan 21, 2021.
             Was an Initiate of Ashenzari.
             Succumbed to a killer bee's poison
             ... on level 6 of the Dungeon.
             The game lasted 00:07:41 (4906 turns).

kaeus the Skirmisher (Demonspawn Fighter)           Turns: 4906, Time: 00:07:42

Health: -3/64      AC:  7    Str: 24    XL:     8   Next: 33%
Magic:  0/8        EV:  8    Int:  9    God:    Ashenzari [......]
Gold:   238        SH: 10    Dex: 14    Spells: 7/7 levels left

rFire    . . .     SeeInvis .   a - +0 war axe
rCold    . . .     Faith    .   c - +0 kite shield
rNeg     . . .     Spirit   +   b - +0 scale mail
rPois    .         Reflect  .   (helmet restricted)
rElec    .         Harm     .   (no cloak)
rCorr    .         Rampage  .   (no gloves)
Will     .....                  (no boots)
Stlth    +.........             q - amulet of guardian spirit (curse)
HPRegen  0.20/turn              u - +6 ring of strength (curse)
MPRegen  0.11/turn              y - ring of stealth

@: lethally poisoned (-3 -> -46), attractive, hasted, very quick
A: claws 2, horns 1, talons 1, powered by pain 1, magic shield
a: Renounce Religion, Curse Item


You were on level 6 of the Dungeon.
You worshipped Ashenzari.
Ashenzari was noncommittal.
You visited 2 branches of the dungeon, and saw 7 of its levels.

You collected 238 gold pieces.

Inventory:

Hand Weapons
 a - a +0 war axe (weapon)
 p - a +0 dagger of distortion
Armour
 b - a +0 scale mail (worn)
 c - a +0 kite shield (worn)
Jewellery
 q - a cursed amulet of guardian spirit (around neck)
 u - a cursed +6 ring of strength (left claw)
 w - an uncursed amulet of regeneration
 y - a ring of stealth (right claw)
 A - an uncursed ring of protection from fire
Wands
 n - a wand of digging (4)
 s - a wand of enslavement (8)
 x - a wand of flame (61)
 D - a wand of paralysis (10)
Scrolls
 e - 2 scrolls of enchant weapon {unknown}
 h - a scroll of amnesia {unknown}
 j - 3 scrolls of magic mapping {unknown}
 k - 2 scrolls of teleportation {unknown}
 m - a scroll of noise {unknown}
 o - 5 scrolls of identify {unknown}
 v - a scroll of immolation {unknown}
 z - a scroll of fear {unknown}
 E - a scroll of blinking {unknown}
Potions
 d - a potion of might
 f - 2 potions of haste
 g - a potion of mutation {unknown}
 i - a potion of ambrosia {unknown}
 l - 2 potions of attraction
 r - a potion of brilliance {unknown}
 t - a potion of flight {unknown}
 B - a potion of cancellation {unknown}
 C - a potion of heal wounds {unknown}
 F - a potion of curing {unknown}


   Skills:
 + Level 5.8 Fighting
 + Level 4.9 Axes
 + Level 5.3 Armour
 + Level 5.4 Shields


You had 7 spell levels left.
You didn't know any spells.
Your spell library contained the following spells:

 Spells                   Type           Power        Failure   Level
 Confusing Touch          Hex            0%           100%        3
 Gell's Gravitas          Tloc           0%           100%        3
 Petrify                  Tmut/Erth      0%           100%        4
 Metabolic Englaciation   Hex/Ice        0%           100%        5
 Yara's Violent Unravell  Hex/Tmut       0%           100%        5


Dungeon Overview and Level Annotations

Branches:
Dungeon (6/15)             Temple (1/1) D:4

Altars:
Ashenzari
Dithmenos
Fedhas
Hepliaklqana
Makhleb
Nemelex Xobeh
Qazlal
Ru
Sif Muna
Trog
Uskayaw
Vehumet
Wu Jian
Xom
Yredelemnul
Zin
The Shining One


Innate Abilities, Weirdness & Mutations

You have very sharp fingernails.
You have a pair of small horns on your head.
You have sharp toenails.
You sometimes gain a little power by taking damage.
When hurt, damage is shared between your health and your magic reserves.


Message History

The killer bee stings you.
* * * LOW HITPOINT WARNING * * *
Okay, then.
It was a potion of attraction.
You feel attractive to monsters.
* * * LOW HITPOINT WARNING * * *
You feel very sick.
The killer bee stings you but does no damage.
The killer bee stings you.
* * * LOW HITPOINT WARNING * * *
You are more poisoned.
The killer bee poisons you! The killer bee stings you.
* * * LOW HITPOINT WARNING * * *
You block the killer bee's attack. The killer bee stings you.
* * * LOW HITPOINT WARNING * * *
You block the killer bee's attack. The killer bee stings you.
* * * LOW HITPOINT WARNING * * *
The killer bee barely misses you.
It was a potion of haste.
You feel yourself speed up.
You die...

#########....##.#
########........#
#.......>#..#####
#........#..#
#..........##
#..........# ##
##.........##
..###..........#########
........[......y@yy.....
##..##.#...##.##yy......
##..##.#...##.#.........
........................
............#...........
........................
................>...####
............##......#
.....##...


You could see 5 killer bees.

Vanquished Creatures
  Menkaure (D:5)
  An ice beast (D:5)
  An ogre (D:4)
  2 phantoms
  4 bullfrogs
  A killer bee (D:6)
  A howler monkey (D:4)
  A hound (D:4)
  3 orc priests (D:6)
  A bullfrog skeleton (D:5)
  A centaur skeleton (D:4)
  An orc wizard (D:6)
  Jessica (D:2)
  Natasha (thrice) (D:3)
  Terence (D:2)
  A worker ant (D:5)
  A howler monkey skeleton (D:5)
  7 adders
  An ufetubus (D:5)
  An ooze (D:2)
  An adder skeleton (D:6)
  4 leopard geckos
  7 orcs (D:4)
  6 giant cockroaches
  9 goblins
  6 hobgoblins
  3 jackals (D:2)
  A quokka (D:6)
  2 ball pythons
  4 bats
  5 frilled lizards
  4 kobolds (D:1)
  3 rats (D:2)
89 creatures vanquished.

Notes
Turn   | Place    | Note
-------+----------+-------------------------------------------
     0 | D:1      | kaeus the Demonspawn Fighter began the quest for the Orb.
     0 | D:1      | Reached XP level 1. HP: 18/18 MP: 1/1
   377 | D:1      | Gained mutation: You sometimes gain a little power by
                  | taking damage. [demonic ancestry]
   377 | D:1      | Reached XP level 2. HP: 24/24 MP: 2/2
   912 | D:2      | Noticed Jessica
   919 | D:2      | Killed Jessica
   920 | D:2      | Reached XP level 3. HP: 29/29 MP: 3/3
  1187 | D:2      | Found a shadowy altar of Dithmenos.
  1343 | D:2      | Gained mutation: You have a pair of small horns on your
                  | head. [demonic ancestry]
  1343 | D:2      | Reached XP level 4. HP: 27/35 MP: 4/4
  1533 | D:2      | Noticed Terence
  1545 | D:2      | Killed Terence
  1721 | D:3      | Noticed Natasha
  1732 | D:3      | Killed Natasha
  1934 | D:3      | Noticed Natasha
  1946 | D:3      | Killed Natasha
  1947 | D:3      | Gained mutation: You have sharp fingernails. [demonic
                  | ancestry]
  1947 | D:3      | Reached XP level 5. HP: 28/42 MP: 5/5
  2114 | D:3      | Noticed Natasha
  2124 | D:3      | Killed Natasha
  2702 | D:4      | Noticed a phantom
  2724 | D:4      | Killed a phantom
  2725 | D:4      | Gained mutation: You have sharp toenails. [demonic
                  | ancestry]
  2725 | D:4      | Reached XP level 6. HP: 39/48 MP: 4/6
  2811 | D:4      | Found a staircase to the Ecumenical Temple.
  2977 | Temple   | Entered the Ecumenical Temple
  3055 | Temple   | Became a worshipper of Ashenzari the Shackled
  3335 | D:4      | Gained mutation: You have very sharp fingernails. [demonic
                  | ancestry]
  3335 | D:4      | Reached XP level 7. HP: 19/55 MP: 4/7
  3537 | D:4      | Found an ornate altar of the Wu Jian Council.
  3606 | D:5      | Entered Level 5 of the Dungeon
  3650 | D:5      | Noticed Menkaure
  3656 | D:5      | Killed Menkaure
  3657 | D:5      | Reached skill level 5 in Fighting
  3880 | D:5      | Found a sacrificial altar of Ru.
  4424 | D:6      | Reached skill level 5 in Armour
  4424 | D:6      | Reached skill level 5 in Shields
  4618 | D:6      | Gained mutation: When hurt, damage is shared between your
                  | health and your magic reserves. [demonic ancestry]
  4618 | D:6      | Reached XP level 8. HP: 48/63 MP: 6/8
  4905 | D:6      | HP: 2/64 [killer bee (3)]
  4906 | D:6      | Succumbed to a killer bee's poison

Illustrated notes

Levels and vault maps discovered:
D:1:      minmay_arrival_stone_box, layout_basic
D:2:      layout_basic, grunt_dithmenos_smoke, uniq_terence, uniq_jessica
D:3:      layout_loops_ring, uniq_natasha
D:4:      layout_loops_ring, kennysheep_mini, temple_pool_b
D:5:      layout_loops_ring, lemuel_doored_altar, uniq_menkaure
D:6:      layout_rooms, lemuel_round_altar, lemuel_coloured_pillars_altar,
          skrybe_limestone_x, uniq_crazy_yiuf_cottage
Temple:   eino_temple_lava

Skill      XL: |  1  2  3  4  5  6  7 |
---------------+----------------------+-----
Axes           | 2 3 4 |  4.9
Shields        | 3 4 5 |  5.4
Armour         | 3 4 5 |  5.3
Fighting       | 4 5 |  5.8

Action                   |  1- 3 |  4- 6 |  7- 9 || total
-------------------------+-------+-------+-------++-------
Melee: War axe           |   110 |   105 |    67 ||   282
       Headbutt          |       |    18 |    16 ||    34
       Kick              |       |    12 |    22 ||    34
Invok: Curse Item        |       |     2 |       ||     2
  Use: Scroll            |       |     1 |       ||     1
       Potion            |       |       |     2 ||     2
Armor: Scale mail        |    64 |    34 |    28 ||   126
Dodge: Dodged            |    34 |    31 |    44 ||   109
Block: Kite shield       |    49 |    45 |    41 ||   135
